 Dungeon Crawl Stone Soup version 0.30.0-10-gfe55d96785 (webtiles) character file.

Game seed: 14661970720851102530

44 SnakkuSnakku7 the Caller (level 3, 0/32 HPs)
             Began as an Armataur Summoner on May 14, 2023.
             Succumbed to a hobgoblin's poison
             ... on level 2 of the Dungeon.
             The game lasted 00:01:52 (839 turns).

SnakkuSnakku7 the Caller (Armataur Summoner)         Turns: 839, Time: 00:01:53

Health: 0/32       AC:  9    Str: 15    XL:     3   Next: 39%
Magic:  5/5        EV:  2    Int: 15    God:
Gold:   61         SH:  0    Dex: 10    Spells: 4/5 levels left

rFire   . . .        j - +0 quarterstaff
rCold   . . .        (shield currently unavailable)
rNeg    . . .        p - +0 plate armour
rPois   .            (no helmet)
rElec   .            f - +0 cloak
rCorr   .            (no gloves)
SInv    .            (no barding)
Will    .....        (no amulet) Stlth
                     (no ring)
HPRegen 0.25/turn    (no ring)
MPRegen 0.09/turn

%: roll
@: lethally poisoned (0 -> -12)
A: large, rugged brown scales 3, deformed body, armoured tail, roll, long
tongue, awkward tongue
a: no special abilities


You were on level 2 of the Dungeon.
You visited 1 branch of the dungeon, and saw 2 of its levels.

You collected 100 gold pieces.
You spent 39 gold pieces at shops.

Inventory:

Hand Weapons
 c - a +0 club
 e - a +0 whip
 j - a +0 quarterstaff (weapon)
Armour
 a - a +0 robe
 f - a +0 cloak (worn)
 p - a +0 plate armour (worn)
Scrolls
 d - 2 scrolls of immolation {unknown}
 g - a scroll of magic mapping {unknown}
 k - 2 scrolls of blinking {unknown}
 o - a scroll of identify {unknown}
Potions
 b - a potion of magic
 h - 3 potions of flight {unknown}
 i - a potion of attraction {unknown}
 l - a potion of degeneration {unknown}
 m - 2 potions of curing
 n - a potion of brilliance {unknown}


   Skills:
 + Level 2.4 Fighting
 + Level 1.0 Staves
 - Level 1.3 Dodging
 - Level 2.1 Stealth
 - Level 1.7 Spellcasting
 - Level 3.2 Summonings


You had 4 spell levels left.
You knew the following spells:

 Your Spells              Type           Power      Damage    Failure   Level
a - Summon Small Mammal   Summ           44%        N/A       99%         1

Your spell library contained the following spells:

 Spells                   Type           Power      Damage    Failure   Level
 Call Imp                 Summ           22%        N/A       100%        2
 Ensorcelled Hibernation  Hex/Ice        2%         N/A       100%        2
 Passwall                 Tmut/Erth      0%         N/A       100%        2
 Call Canine Familiar     Summ           11%        N/A       100%        3
 Ignite Poison            Fire/Tmut/Pois 1%         N/A       100%        3
 Summon Guardian Golem    Hex/Summ       6%         N/A       100%        3
 Swiftness                Air            1%         N/A       100%        3
 Sticky Flame             Conj/Fire      1%         2d3       100%        4
 Summon Lightning Spire   Summ/Air       6%         N/A       100%        4
 Ignition                 Fire           0%         3d3       100%        8


Dungeon Overview and Level Annotations

Branches:
Dungeon (2/15)

Altars:

Shops:
D:2 *


Innate Abilities, Weirdness & Mutations

You are completely covered in rugged brown scales. (AC +3, +7% HP)
Armour fits poorly on your strangely shaped body.
You have a long armoured tail.
You roll when moving toward enemies. (Rampage)
Your long tongue fully drains potion bottles. (2x potion effects)
Your tongue gives you trouble enunciating. (1.5x scroll delay)


Message History

You tail-slap the hobgoblin, but do no damage.
The bat hits you but does no damage.
The hobgoblin hits you but does no damage.
You barely miss the hobgoblin. The bat hits you but does no damage.
The hobgoblin hits you but does no damage.
You barely miss the hobgoblin.
The hobgoblin hits you but does no damage. x2
You are poisoned.
You hit the hobgoblin.
The hobgoblin is lightly wounded.
You feel sick.
The hobgoblin hits you but does no damage.
The hobgoblin hits you with a +0 dagger of venom.
You are more poisoned.
The hobgoblin hits you but does no damage. x2
You are more poisoned.
You feel very sick. The hobgoblin attacks as you move away!
The hobgoblin hits you but does no damage.
You feel very sick.
You feel very sick. The bat hits you but does no damage.
You feel very sick. The bat hits you but does no damage. x2
The hobgoblin attacks as you move away! The hobgoblin hits you.
You feel sick. The bat hits you but does no damage.
You feel sick. The bat barely misses you.
You barely miss the bat.
You feel sick. The bat hits you but does no damage.
The hobgoblin hits you but does no damage.
The hobgoblin attacks as you move away!
The hobgoblin hits you with a +0 dagger of venom.
* * * LOW HITPOINT WARNING * * *
You are lethally poisoned!
* * * LOW HITPOINT WARNING * * *
You feel very sick.
Okay, then.
The hobgoblin attacks as you move away! The hobgoblin barely misses you.
The hobgoblin attacks as you move away!
The hobgoblin hits you but does no damage.
You die...

#### #...# ##.....# #.......#
#############
.........#####...........####
............g...#####.......#
............g.........##.##.#
#.....[.#.####@†.####.##.##.###
#.....##.# #.................
#........# ##.###.##.##.##.##.
#.######.###b.####.#.##.##.##.
#.##.#.#...............
#......#.##.#.##.....#.
#..####.#.#.##.#####.##.
##.............# #.##.
...######.###### #.##.


You could see 2 hobgoblins and a bat.

Vanquished Creatures
  A worm (D:2)
  2 dart slugs (D:1)
  3 ball pythons
  4 bats
  4 endoplasms
  2 giant cockroaches
  2 goblins (D:1)
  3 hobgoblins
  7 kobolds
  A quokka (D:2)
29 creatures vanquished.

Vanquished Creatures (collateral kills)
  A hobgoblin (D:1)
  A frilled lizard (D:1)
  A kobold (D:1)
3 creatures vanquished.

Grand Total: 32 creatures vanquished

Notes
Turn   | Place    | Note
-------+----------+-------------------------------------------
     0 | D:1      | SnakkuSnakku7 the Armataur Summoner began the quest for the
                  | Orb.
     0 | D:1      | Reached XP level 1. HP: 14/14 MP: 3/3
    41 | D:1      | Reached skill level 1 in Fighting
   118 | D:1      | Reached XP level 2. HP: 23/24 MP: 1/4
   374 | D:1      | Reached XP level 3. HP: 31/31 MP: 5/5
   616 | D:2      | Found Lonug's General Store.
   623 | D:2      | Bought a potion of curing for 39 gold pieces
   822 | D:2      | Reached skill level 1 in Staves
   839 | D:2      | Succumbed to a hobgoblin's poison

Illustrated notes

Levels and vault maps discovered:
D:1:      dpeg_arrival_boxes_within_box, layout_rooms
D:2:      layout_loops_ring, serial_shops, shop, minmay_misc_feat_iff

Skill      XL: |  1  2  3 |
---------------+----------+-----
Fighting       | 1 2 |  2.4
Staves         | 1 |  1.0
Dodging        | |  1.3
Stealth        | |  2.1
Spellcasting   | |  1.7
Summonings     | |  3.2

Action                     || total
---------------------------++-------
  Melee: Club              ||    15
         Unarmed           ||    10
         Tailslap          ||     9
         Quarterstaff      ||    51
         Whip              ||    18
   Cast: Summon Small Mamm ||     5
   Stab: Sleeping          ||     2
 Armour: Robe              ||    45
         Plate armour      ||    20
  Dodge: Dodged            ||    43
